[ AOE2 MATCH · #507209439 ]
UnrankedByzantines vs Vietnamese
[ REPLAY ANALYSIS · EXTRACTED FROM THE RECORDED GAME ]
Feudal
11:22
Castle
28:49
Imperial
43:17
| APM avg | 51.0 |
| APM peak | 110 |
| eAPM avg | 22.2 |
| Villagers / military | 147 / 60 |
Focus
⚔️ 16.8% · 🌾 83.2%
Camel Scout ×27 · Skirmisher ×15 · Spearman ×7 · Bombard Cannon ×5 · Monk ×3 · Trebuchet (Packed) ×2
Feudal
13:02
Castle
20:44
Imperial
45:05
| APM avg | 41.4 |
| APM peak | 83 |
| eAPM avg | 24.9 |
| Villagers / military | 194 / 72 |
Focus
⚔️ 13.3% · 🌾 86.7%
Militia ×46 · Knight ×22 · Trebuchet (Packed) ×4
Match map
Initial resources + every placement click. Lines = walls · curves = elevation contours. ◆ gold · ⬟ stone · ● berries · ✦ relic · ◌ wall gap
Your base· Open — unwalled flank
jaimetuisteres's base· Open — unwalled flank
Smoothed initial terrain · ◌ = detected wall gap · hover for details
Inputs per minute
— SUMMER - - jaimetuisteres
Build order — SUMMER
First 150 of 382 actions detected
| 0:01 | Create | Villager (Male) |
| 0:01 | Create | Villager (Male) |
| 0:02 | Create | Villager (Male) |
| 0:04 | Create | Villager (Male) |
| 0:05 | Build | House |
| 0:06 | Build | House |
| 1:32 | Create | Villager (Male) |
| 1:32 | Create | Villager (Male) |
| 2:02 | Build | Lumber Camp |
| 2:15 | Create | Villager (Male) |
| 2:15 | Create | Villager (Male) |
| 2:28 | Create | Villager (Male) |
| 3:21 | Build | House |
| 3:22 | Build | House |
| 3:29 | Create | Villager (Male) |
| 3:51 | Create | Villager (Male) |
| 3:51 | Create | Villager (Male) |
| 4:29 | Create | Villager (Male) |
| 4:29 | Create | Villager (Male) |
| 4:37 | Build | Mill |
| 5:04 | Create | Villager (Male) |
| 5:04 | Create | Villager (Male) |
| 5:31 | Create | Villager (Male) |
| 5:31 | Create | Villager (Male) |
| 5:59 | Create | Villager (Male) |
| 5:59 | Create | Villager (Male) |
| 6:02 | Create | Villager (Male) |
| 6:02 | Create | Villager (Male) |
| 6:22 | Create | Villager (Male) |
| 6:22 | Create | Villager (Male) |
| 6:36 | Build | Mill |
| 7:19 | Create | Villager (Male) |
| 7:19 | Create | Villager (Male) |
| 7:19 | Create | Villager (Male) |
| 7:27 | Create | Villager (Male) |
| 7:27 | Create | Villager (Male) |
| 7:27 | Create | Villager (Male) |
| 7:27 | Create | Villager (Male) |
| 7:28 | Create | Villager (Male) |
| 7:28 | Create | Villager (Male) |
| 8:02 | Create | Villager (Male) |
| 8:02 | Create | Villager (Male) |
| 8:22 | Create | Villager (Male) |
| 8:27 | Research | Loom |
| 9:12 | Research | Feudal Age |
| 9:33 | Build | Lumber Camp |
| 10:02 | Build | Barracks |
| 10:33 | Build | House |
| 10:43 | Create | Villager (Male) |
| 11:08 | Build | Outpost |
| 11:22 | Age | Feudal Age |
| 11:30 | Create | Villager (Male) |
| 11:30 | Create | Villager (Male) |
| 11:33 | Build | Archery Range |
| 11:41 | Research | Horse Collar |
| 11:41 | Research | Horse Collar |
| 11:50 | Research | Double-Bit Axe |
| 11:55 | Build | Mining Camp |
| 11:57 | Create | Villager (Male) |
| 12:04 | Create | Villager (Male) |
| 12:10 | Create | Villager (Male) |
| 12:13 | Create | Villager (Male) |
| 12:13 | Create | Villager (Male) |
| 12:27 | Build | Watch Tower |
| 12:30 | Create | Villager (Male) |
| 12:33 | Build | House |
| 12:34 | Create | Skirmisher |
| 12:34 | Create | Skirmisher |
| 12:34 | Create | Skirmisher |
| 12:42 | Build | House |
| 13:06 | Build | Blacksmith |
| 13:08 | Create | Skirmisher |
| 13:08 | Create | Skirmisher |
| 13:35 | Build | Watch Tower |
| 13:45 | Build | Farm |
| 13:47 | Create | Villager (Male) |
| 13:54 | Build | Palisade Wall |
| 14:06 | Build | House |
| 14:12 | Research | Fletching |
| 14:12 | Research | Fletching |
| 14:29 | Build | Farm |
| 14:41 | Build | Watch Tower |
| 14:56 | Build | Gate |
| 14:57 | Create | Villager (Male) |
| 15:08 | Create | Villager (Male) |
| 15:11 | Build | Farm |
| 15:31 | Build | Farm |
| 15:34 | Create | Villager (Male) |
| 16:18 | Build | Watch Tower |
| 16:26 | Build | Palisade Wall |
| 16:28 | Create | Skirmisher |
| 16:28 | Create | Skirmisher |
| 16:29 | Create | Skirmisher |
| 16:32 | Build | Farm |
| 16:33 | Build | Farm |
| 16:34 | Create | Villager (Male) |
| 16:34 | Create | Villager (Male) |
| 16:35 | Create | Villager (Male) |
| 17:10 | Create | Skirmisher |
| 17:17 | Build | Watch Tower |
| 17:33 | Create | Villager (Male) |
| 17:36 | Build | Palisade Wall |
| 17:37 | Create | Villager (Male) |
| 17:38 | Create | Villager (Male) |
| 17:38 | Create | Villager (Male) |
| 17:41 | Build | Mining Camp |
| 18:16 | Build | Watch Tower |
| 18:33 | Create | Skirmisher |
| 18:34 | Create | Skirmisher |
| 18:34 | Create | Skirmisher |
| 18:37 | Build | House |
| 19:00 | Create | Skirmisher |
| 19:01 | Create | Skirmisher |
| 19:01 | Create | Skirmisher |
| 19:20 | Build | Farm |
| 19:21 | Create | Villager (Male) |
| 19:21 | Create | Villager (Male) |
| 19:23 | Build | Farm |
| 19:23 | Build | Farm |
| 19:23 | Build | Farm |
| 20:00 | Build | Watch Tower |
| 20:06 | Create | Villager (Male) |
| 20:08 | Build | Farm |
| 20:09 | Create | Villager (Male) |
| 20:09 | Create | Villager (Male) |
| 20:13 | Build | House |
| 20:17 | Research | Wheelbarrow |
| 20:25 | Build | House |
| 20:29 | Build | Farm |
| 20:41 | Build | House |
| 21:02 | Create | Villager (Male) |
| 21:02 | Create | Villager (Male) |
| 21:12 | Build | Watch Tower |
| 21:21 | Build | Watch Tower |
| 21:29 | Build | House |
| 21:31 | Create | Spearman |
| 21:31 | Create | Spearman |
| 21:34 | Build | Palisade Wall |
| 21:46 | Research | Forging |
| 21:48 | Create | Spearman |
| 22:19 | Build | Watch Tower |
| 22:29 | Build | Palisade Wall |
| 22:30 | Create | Villager (Male) |
| 22:53 | Create | Villager (Male) |
| 22:57 | Create | Villager (Male) |
| 23:06 | Build | Farm |
| 23:07 | Build | Farm |
| 23:07 | Build | Farm |
| 23:07 | Build | Farm |
| 23:08 | Build | Farm |
Build order — jaimetuisteres
First 150 of 385 actions detected
| 0:02 | Create | Villager (Male) |
| 0:02 | Create | Villager (Male) |
| 0:03 | Create | Villager (Male) |
| 0:03 | Create | Villager (Male) |
| 0:03 | Create | Villager (Male) |
| 0:06 | Build | House |
| 0:09 | Build | House |
| 1:39 | Create | Villager (Male) |
| 1:39 | Create | Villager (Male) |
| 1:39 | Create | Villager (Male) |
| 2:32 | Create | Villager (Male) |
| 2:32 | Create | Villager (Male) |
| 2:32 | Create | Villager (Male) |
| 2:33 | Create | Villager (Male) |
| 3:01 | Build | Lumber Camp |
| 3:33 | Create | Villager (Male) |
| 3:33 | Create | Villager (Male) |
| 3:33 | Create | Villager (Male) |
| 3:33 | Create | Villager (Male) |
| 4:14 | Create | Villager (Male) |
| 4:14 | Create | Villager (Male) |
| 4:14 | Create | Villager (Male) |
| 4:15 | Create | Villager (Male) |
| 4:20 | Build | House |
| 5:39 | Build | Mill |
| 5:40 | Create | Villager (Male) |
| 5:40 | Create | Villager (Male) |
| 5:40 | Create | Villager (Male) |
| 5:41 | Create | Villager (Male) |
| 6:40 | Create | Villager (Male) |
| 6:41 | Create | Villager (Male) |
| 7:29 | Create | Villager (Male) |
| 7:30 | Create | Villager (Male) |
| 7:51 | Build | Farm |
| 7:51 | Create | Villager (Male) |
| 7:52 | Create | Villager (Male) |
| 8:14 | Create | Villager (Male) |
| 8:14 | Create | Villager (Male) |
| 8:15 | Create | Villager (Male) |
| 8:15 | Create | Villager (Male) |
| 8:23 | Build | House |
| 8:28 | Research | Loom |
| 8:29 | Create | Villager (Male) |
| 8:29 | Create | Villager (Male) |
| 8:42 | Create | Villager (Male) |
| 8:42 | Create | Villager (Male) |
| 8:42 | Create | Villager (Male) |
| 8:42 | Create | Villager (Male) |
| 9:02 | Create | Villager (Male) |
| 9:02 | Create | Villager (Male) |
| 9:02 | Create | Villager (Male) |
| 9:02 | Create | Villager (Male) |
| 9:59 | Build | Palisade Wall |
| 10:03 | Build | Barracks |
| 10:52 | Research | Feudal Age |
| 10:52 | Research | Feudal Age |
| 11:43 | Build | Farm |
| 11:44 | Build | Farm |
| 11:44 | Build | Farm |
| 11:44 | Build | Farm |
| 11:44 | Build | Farm |
| 11:45 | Build | Farm |
| 11:45 | Build | Farm |
| 11:57 | Build | Palisade Wall |
| 12:34 | Build | Mining Camp |
| 13:02 | Age | Feudal Age |
| 13:07 | Build | Palisade Wall |
| 13:10 | Build | Palisade Wall |
| 13:21 | Build | House |
| 13:23 | Create | Villager (Male) |
| 13:29 | Create | Villager (Male) |
| 13:44 | Build | House |
| 13:52 | Create | Villager (Male) |
| 13:59 | Build | Farm |
| 14:14 | Build | Lumber Camp |
| 14:36 | Create | Villager (Male) |
| 14:36 | Create | Villager (Male) |
| 14:59 | Create | Villager (Male) |
| 15:16 | Build | Watch Tower |
| 15:30 | Build | Watch Tower |
| 15:37 | Create | Villager (Male) |
| 16:32 | Build | Market |
| 16:49 | Create | Villager (Male) |
| 16:49 | Create | Villager (Male) |
| 16:50 | Create | Villager (Male) |
| 17:21 | Build | Blacksmith |
| 17:46 | Research | Castle Age |
| 17:46 | Research | Castle Age |
| 19:07 | Build | Stable |
| 20:28 | Build | Farm |
| 20:37 | Build | Farm |
| 20:44 | Age | Castle Age |
| 20:48 | Create | Knight |
| 20:48 | Create | Knight |
| 20:49 | Create | Knight |
| 20:49 | Create | Knight |
| 21:13 | Build | Town Center |
| 21:20 | Create | Knight |
| 21:20 | Create | Knight |
| 21:20 | Create | Knight |
| 21:24 | Create | Villager (Male) |
| 21:24 | Create | Villager (Male) |
| 21:25 | Create | Villager (Male) |
| 21:50 | Create | Villager (Male) |
| 21:51 | Create | Villager (Male) |
| 21:51 | Create | Villager (Male) |
| 22:31 | Create | Knight |
| 22:32 | Create | Knight |
| 22:32 | Create | Knight |
| 23:11 | Research | Forging |
| 23:54 | Create | Knight |
| 23:54 | Create | Knight |
| 23:54 | Create | Knight |
| 24:17 | Create | Villager (Male) |
| 24:18 | Create | Villager (Male) |
| 24:18 | Create | Villager (Male) |
| 24:18 | Create | Villager (Male) |
| 24:38 | Create | Villager (Male) |
| 24:39 | Create | Villager (Male) |
| 24:39 | Create | Villager (Male) |
| 24:39 | Create | Villager (Male) |
| 24:56 | Create | Villager (Male) |
| 24:57 | Create | Villager (Male) |
| 24:57 | Create | Villager (Male) |
| 25:15 | Build | Town Center |
| 25:21 | Create | Villager (Male) |
| 25:21 | Create | Villager (Male) |
| 25:22 | Create | Villager (Male) |
| 25:36 | Create | Villager (Male) |
| 25:36 | Create | Villager (Male) |
| 25:50 | Build | Farm |
| 25:54 | Create | Villager (Male) |
| 25:55 | Create | Villager (Male) |
| 25:55 | Create | Villager (Male) |
| 26:30 | Build | Farm |
| 26:34 | Build | Farm |
| 26:38 | Build | Farm |
| 26:41 | Research | Double-Bit Axe |
| 26:41 | Research | Double-Bit Axe |
| 26:50 | Create | Knight |
| 26:51 | Create | Knight |
| 26:51 | Create | Knight |
| 27:04 | Create | Villager (Male) |
| 27:04 | Create | Villager (Male) |
| 27:05 | Create | Villager (Male) |
| 27:23 | Create | Knight |
| 27:23 | Create | Knight |
| 27:23 | Create | Knight |
| 27:30 | Create | Villager (Male) |
| 27:30 | Create | Villager (Male) |
Match timeline
| 9:59 | jaimetuisteres · wall_segment Palisade Wall x6 |
| 10:02 | SUMMER · first_building Barracks |
| 10:03 | jaimetuisteres · first_building Barracks |
| 11:22 | SUMMER · age_up feudal |
| 11:33 | SUMMER · first_building Archery Range |
| 11:57 | jaimetuisteres · wall_segment Palisade Wall x6 |
| 13:02 | jaimetuisteres · age_up feudal |
| 13:07 | jaimetuisteres · wall_segment Palisade Wall x7 |
| 13:10 | jaimetuisteres · wall_segment Palisade Wall x4 |
| 13:54 | SUMMER · wall_segment Palisade Wall x6 |
| 16:26 | SUMMER · wall_segment Palisade Wall x5 |
| 17:36 | SUMMER · wall_segment Palisade Wall x9 |
| 19:07 | jaimetuisteres · first_building Stable |
| 20:44 | jaimetuisteres · age_up castle |
| 20:45 | jaimetuisteres · first_market_sell 100 wood |
| 21:04 | jaimetuisteres · first_market_buy 100 stone |
| 21:34 | SUMMER · wall_segment Palisade Wall x3 |
| 22:29 | SUMMER · wall_segment Palisade Wall x13 |
| 24:44 | SUMMER · wall_segment Palisade Wall x1 |
| 26:01 | SUMMER · first_market_buy 100 food |
| 26:20 | SUMMER · first_building Stable |
| 26:40 | SUMMER · wall_segment Stone Wall x1 |
| 26:41 | SUMMER · wall_segment Stone Wall x1 |
| 26:41 | SUMMER · wall_segment Stone Wall x1 |
| 28:11 | SUMMER · wall_segment Stone Wall x1 |
| 28:49 | SUMMER · age_up castle |
| 32:46 | jaimetuisteres · first_building Castle |
| 33:04 | SUMMER · wall_segment Stone Wall x2 |
| 33:36 | SUMMER · first_building Monastery |
| 42:22 | SUMMER · first_building Castle |
| 43:02 | SUMMER · first_building Siege Workshop |
| 43:17 | SUMMER · age_up imperial |
| 44:23 | jaimetuisteres · first_building Siege Workshop |
| 45:05 | jaimetuisteres · age_up imperial |
| 47:04 | jaimetuisteres · resign |
[ AI ANALYSIS · 1 CREDIT ]
What really happened in this match?
Wolo.gg analyzes every decision: build order, eco, micro, common mistakes by bracket. Personalized analysis on WhatsApp or Discord in 30 seconds.
Civ guide
Byzantines
Perfil
Jugador #25845906